 Dungeon Crawl Stone Soup version 0.25-a0-701-gb30f108f01 (webtiles) character file.

Game seed: 11563826904432168401, levelgen mode: deterministic

194 DasRunzen the Skirmisher (level 5, -2/42 HPs)
             Began as a Demonspawn Fighter on Apr 3, 2020.
             Slain by Sigmund
             ... wielding a +0 scythe
              (6 damage)
             ... on level 3 of the Dungeon.
             The game lasted 00:02:54 (1662 turns).

DasRunzen the Skirmisher (Demonspawn Fighter)       Turns: 1662, Time: 00:02:55

Health: -2/42      AC:  6    Str: 18    XL:     5   Next: 44%
Magic:  0/5        EV:  7    Int:  9    God:
Gold:   78         SH: 11    Dex: 12    Spells: 4/4 levels left

rFire    . . .     SeeInvis .   a - +1 trident
rCold    . . .     Gourm    .   c - +2 kite shield
rNeg     . . .     Faith    .   b - +0 scale mail
rPois    .         Spirit   +   (no helmet)
rElec    .         Reflect  .   (no cloak)
rCorr    .         Harm     .   (no gloves)
MR       .....                  (no boots)
Stlth    ..........             (no amulet)
HPRegen  0.14/turn              (no ring)
MPRegen  0.09/turn              (no ring)

@: no status effects
A: claws 1, magic shield, sturdy frame 1
a: no special abilities


You were on level 3 of the Dungeon.
You were not hungry.

You visited 1 branch of the dungeon, and saw 3 of its levels.

You collected 78 gold pieces.

Inventory:

Hand Weapons
 a - a +1 trident (weapon)
Armour
 b - a +0 scale mail (worn)
 c - a +2 kite shield (worn)
Scrolls
 h - a scroll of identify
 l - a scroll of amnesia
Potions
 d - a potion of might
 e - a potion of brilliance
 g - a potion of cancellation
 i - a potion of heal wounds {unknown}
 j - 3 potions of curing
 n - a potion of stabbing {unknown}
Comestibles
 f - 6 rations


   Skills:
 + Level 4.0 Fighting
 + Level 3.0 Polearms
 + Level 3.6 Armour
 + Level 3.6 Shields


You had 4 spell levels left.
You didn't know any spells.
Your spell library was empty.

Dungeon Overview and Level Annotations

Branches:
Dungeon (3/15)

Altars:
Fedhas
Ru

Annotations:
D:3 Sigmund


Innate Abilities, Weirdness & Mutations

You have sharp fingernails.
When hurt, damage is shared between your health and your magic reserves.
Your movements are slightly less encumbered by armour. (ER -2)


Message History

You miss something. Something hits you.
You miss something. Something hits you!
You barely miss something. Something hits you.
You barely miss something. Something hits you.
You barely miss something. You miss something.
You hear some strange, mumbled words.
You are confused.
You bump into the rock wall.
Something hits you.
* * * LOW HITPOINT WARNING * * *
You bump into the rock wall.
Something hits you!
* * * LOW HITPOINT WARNING * * *
You bump into the rock wall.
You bump into the rock wall.
Something hits you.
* * * LOW HITPOINT WARNING * * *
You bump into the rock wall.
You feel less confused. Something hits you but does no damage.
You puncture something! Something hits you.
You die...

####.##### ###......#
#+# ....#.##.# #.#
.##..###.# #.#
.##.####.####.##
.##............##
.##..)##..#.....#
......##..##...#########
###..###..###...@{......
#.......# ############
##.####.# #......#
########


There were no monsters in sight!

Vanquished Creatures
  2 bullfrogs (D:2)
  2 adders (D:2)
  A worm (D:2)
  A dart slug (D:1)
  6 bats
  2 giant cockroaches
  3 goblins
  4 hobgoblins (D:1)
  10 jackals (D:1)
  A quokka (D:2)
  A ball python (D:2)
  3 frilled lizards (D:1)
  3 kobolds (D:1)
  10 rats
49 creatures vanquished.

Notes
Turn   | Place    | Note
-------+----------+-------------------------------------------
     0 | D:1      | DasRunzen the Demonspawn Fighter began the quest for the
                  | Orb.
     0 | D:1      | Reached XP level 1. HP: 18/18 MP: 1/1
   129 | D:1      | Gained mutation: You have sharp fingernails. [demonic
                  | ancestry]
   129 | D:1      | Reached XP level 2. HP: 24/24 MP: 2/2
   298 | D:1      | Reached XP level 3. HP: 12/29 MP: 3/3
   721 | D:2      | Noticed a bullfrog
   735 | D:2      | HP: 1/29 [bullfrog (5)]
   739 | D:2      | Killed a bullfrog
   739 | D:2      | Gained mutation: When hurt, damage is shared between your
                  | health and your magic reserves. [demonic ancestry]
   739 | D:2      | Reached XP level 4. HP: 2/37 MP: 4/4
   933 | D:2      | Found a blossoming altar of Fedhas.
   953 | D:2      | Found a sacrificial altar of Ru.
   967 | D:2      | Noticed a bullfrog
   976 | D:2      | Killed a bullfrog
   976 | D:2      | Gained mutation: Your movements are slightly less
                  | encumbered by armour. (ER -2) [demonic ancestry]
   976 | D:2      | Reached XP level 5. HP: 30/42 MP: 5/5
  1409 | D:2      | Reached skill level 4 in Fighting
  1639 | D:3      | Noticed Sigmund
  1662 | D:3      | Slain by Sigmund

Levels and vault maps discovered:
D:1:      shiori_arrival_maze, layout_loops_cross
D:2:      layout_rooms, fedhas_altar_2, nicolae_ru_the_path_less_chosen
D:3:      layout_loops_corners, first_ration, uniq_crazy_yiuf_cottage,
          uniq_sigmund

Skill      XL: |  1  2  3  4  5 |
---------------+----------------+-----
Polearms       | 2 3 |  3.0
Armour         | 3 |  3.6
Shields        | 3 |  3.6
Fighting       | 4 |  4.0

Action                   |  1- 3 |  4- 6 || total
-------------------------+-------+-------++-------
Melee: Trident           |   139 |    58 ||   197
  Use: Scroll            |     7 |     5 ||    12
  Eat: Chunk             |       |     3 ||     3
Armor: Scale mail        |    59 |    11 ||    70
Dodge: Dodged            |    38 |    14 ||    52
Block: Kite shield       |    76 |    25 ||   101

Table legend:
 A = Non-vault XP
 B = Vault XP
 C = Vault XP percentage of total XP
 D = Non-vault monster count
 E = Vault monster count
 F = Vault count percentage of total count
                 A         B        C        D         E       F
            +---------+---------+-------+---------+---------+-------
      Total |     272 |       6 |   2.2 |      47 |       2 |   4.1
            +---------+---------+-------+---------+---------+-------
        D:1 |      56 |       6 |   9.7 |      36 |       2 |   5.3
        D:2 |     215 |       0 |   0.0 |      10 |       0 |   0.0
        D:3 |       1 |       0 |   0.0 |       1 |       0 |   0.0
            +---------+---------+-------+---------+---------+-------
